 Dungeon Crawl Stone Soup version 0.22-a0-21-g9421e3f (webtiles) character file.

229 stigmas the Digger (level 5, -5/48 HPs)
             Began as a Troll Earth Elementalist on Jan 2, 2018.
             Slain by a gnoll
             ... wielding a +0 halberd
              (12 damage)
             ... on level 3 of the Dungeon on Jan 3, 2018.
             The game lasted 00:06:11 (1682 turns).

stigmas the Digger (Troll Earth Elementalist)       Turns: 1682, Time: 00:06:12

Health: -5/48      AC:  5    Str: 16    XL:     5   Next: 71%
Magic:  6/6        EV: 10    Int: 12    God:
Gold:   102        SH:  0    Dex: 10    Spells: 4/7 levels left

rFire    . . .     SeeInvis .     - Unarmed
rCold    . . .     Gourm    +   (no shield)
rNeg     . . .     Faith    .   c - +0 robe
rPois    .         Spirit   .   (helmet restricted)
rElec    .         Reflect  .   (no cloak)
rCorr    .         Harm     .   (gloves unavailable)
MR       .....                  (boots unavailable)
Stlth    +.........             (no amulet)
HPRegen  0.56/turn              (no ring)
MPRegen  0.10/turn              (no ring)

@: berserk cooldown, slowed, very slow
A: large, unfitting armour, claws 3, fast metabolism 3, gourmand, regeneration
1, shaggy fur 1, tough skin 2
a: no special abilities


You were on level 3 of the Dungeon.
You were very full.

You visited 1 branch of the dungeon, and saw 3 of its levels.

You collected 102 gold pieces.

Inventory:

Missiles
 b - 131 stones (quivered)
Armour
 c - a +0 robe (worn)
Scrolls
 g - a scroll of teleportation
 i - 2 scrolls of identify
Potions
 a - a potion of degeneration {unknown}
 k - a potion of invisibility {unknown}
Books
 e - a book of Geomancy

   Spells                             Type                      Level
   a - Sandblast                      Earth                        1
   b - Passwall                       Transmutation/Earth          2
   c - Stone Arrow                    Conjuration/Earth            3
   d - Petrify                        Transmutation/Earth          4
   e - Lee's Rapid Deconstruction     Earth                        5
Comestibles
 d - 9 rations


   Skills:
 * Level 1.2 Fighting
 + Level 2.0 Dodging
 - Level 1.1 Stealth
 * Level 3.4 Unarmed Combat
 * Level 1.6 Spellcasting
 * Level 1.0 Transmutations
 * Level 3.7 Earth Magic


You had 4 spell levels left.
You knew the following spells:

 Your Spells              Type           Power        Failure   Level  Hunger
a - Sandblast             Erth           #.....       6%          1    ##.....
b - Passwall              Tmut/Erth      #.........   16%         2    ###....


Dungeon Overview and Level Annotations

Branches:
Dungeon (3/15)

Altars:


Innate Abilities, Weirdness & Mutations

You are too large for most types of armour.
You have claws for hands.
Your metabolism is lightning-fast.
You like to eat raw meat.
Your natural rate of healing is unusually fast.
You are covered in fur. (AC +1)
You have very tough skin. (AC +2)


Message History

The gnoll hits you but does no damage. x2
The gnoll hits you but does no damage.
You cannot move.
Your transformation is almost over.
The gnoll hits you but does no damage. The gnoll hits you but does no damage.
The gnoll hits you but does no damage. x2
The gnoll hits you from afar with a halberd!
* * * LOW HITPOINT WARNING * * *
The gnoll hits you but does no damage.
You feel less wooden.
Your +0 robe unmelds from your body.
The gnoll closely misses you. The gnoll misses you.
The gnoll hits you but does no damage. The gnoll hits you with a halberd.
* * * LOW HITPOINT WARNING * * *
The gnoll closely misses you.
You claw the gnoll!
The gnoll is almost dead.
The gnoll hits you with a halberd!
You die...

...$... .?.>...
....... ....ggS
....s..### .......o.#
#.# .#.#.#.#.# #.#
#..####.#########.#
>.......)g@....##.#
##############.##.#
#.##.# #.##.#########
#............#
########.#########..#
...>.....# #..#
########.# #..# #.#
#..#


You could see a gnoll.

Vanquished Creatures
  A scorpion (D:3)
  An orc priest (D:3)
  An orc wizard (D:3)
  Terence (D:2)
  A gnoll (D:1)
  2 adders
  An ooze (D:1)
  A worm (D:2)
  3 leopard geckos (D:2)
  3 orcs (D:3)
  A bat (D:2)
  4 giant cockroaches
  7 goblins
  7 hobgoblins
  8 jackals
  2 quokkas (D:3)
  6 frilled lizards
  7 kobolds
  6 rats
63 creatures vanquished.

Notes
Turn   | Place    | Note
-------+----------+-------------------------------------------
     0 | D:1      | stigmas the Troll Earth Elementalist began the quest for the Orb.
     0 | D:1      | Reached XP level 1. HP: 16/16 MP: 1/1
   135 | D:1      | Reached XP level 2. HP: 22/24 MP: 2/2
   410 | D:1      | Reached skill level 1 in Unarmed Combat
   443 | D:1      | Reached XP level 3. HP: 30/32 MP: 3/3
   498 | D:1      | You fall through a shaft!
   562 | D:2      | Noticed Terence
   576 | D:2      | Killed Terence
   654 | D:2      | Reached XP level 4. HP: 36/40 MP: 5/5
  1532 | D:3      | Learned a level 2 spell: Passwall
  1630 | D:3      | Reached skill level 1 in Fighting
  1630 | D:3      | Reached XP level 5. HP: 46/48 MP: 6/6
  1648 | D:3      | Reached skill level 1 in Transmutations
  1682 | D:3      | Slain by a gnoll

Vault maps used:
D:1:      co_arrival_hall_of_pillars, minmay_misc_feat_hallway
D:2:      first_ration, minmay_misc_feat_rows, mrwooster_statue_mirror,
          uniq_terence
D:3:      st_stairs_4

Skill      XL: |  1  2  3  4  5 |
---------------+----------------+-----
Earth Magic    | 3 |  3.7
Unarmed Combat | 1 2 3 |  3.4
Fighting       | 1 |  1.2
Dodging        | 2 |  2.0
Transmutations | 1 |  1.0
Stealth        | |  1.1
Spellcasting   | |  1.6

Action                   |  1- 3 |  4- 6 || total
-------------------------+-------+-------++-------
Melee: Unarmed           |    99 |   139 ||   238
  Use: Scroll            |     1 |     2 ||     3
       Potion            |       |     2 ||     2
 Stab: Sleeping          |       |     1 ||     1
  Eat: Chunk             |     4 |    12 ||    16
       Ration            |       |     1 ||     1
Armor: Robe              |    19 |    64 ||    83
       Skin              |       |    16 ||    16
Dodge: Dodged            |    35 |    71 ||   106

Table legend:
 A = Spawn XP
 B = Non-spawn XP
 C = Spawn XP percentage of total XP
 D = Spawn monster count
 E = Non-spawn monster count
 F = Spawn count percentage of total count
 G = Total turns spent on level
                    A         B        C        D         E        F      G
               +---------+---------+-------+---------+---------+-------+---------
         Total |       0 |     328 |   0.0 |       0 |      63 |   0.0 |  1682
               +---------+---------+-------+---------+---------+-------+---------
           D:1 |       0 |      45 |   0.0 |       0 |      18 |   0.0 |   790
           D:2 |       0 |      87 |   0.0 |       0 |      24 |   0.0 |   675
           D:3 |       0 |     196 |   0.0 |       0 |      21 |   0.0 |   217
               +---------+---------+-------+---------+---------+-------+---------
